Map: Lost and Found LE

Players

thorN - Winner!

  • Race: Zerg Zerg
  • League: Platinum
  • Spawn Location: 1:00

ILIEKEGGPIE

  • Race: Protoss Protoss
  • League: Platinum
  • Spawn Location: 7:00

VOD

Have the link to the VOD?

Description

Time

  • Played on: May 18, 2018, 11:39 a.m.
  • Length: 11:54
Show
View Real Time Build Order
Export as new Build Order

thorN Zerg - Winner!

Build Orders: Hatch First 

Get SALT Encoding   

  12  0:02  Drone  
  13  0:11  Drone  
  14  0:17  Overlord  
  14  0:23  Extractor  
  14  0:24  Drone  
  15  0:35  Drone  
  16  0:37  Drone  
  17  0:53  Hatchery  
  16  1:08  Spawning Pool  
  16  1:09  Drone  
  16  1:12  Drone  
  16  1:15  Drone  
  18  1:20  Drone  
  19  1:46  Drone x2  
  21  1:52  Overlord  
  21  2:05  Hatchery  
  20  2:11  Queen, Zergling x4  
  20  2:14  Queen  
  26  2:21  Zergling x4  
  28  2:30  Spine Crawler  
  27  2:46  Drone x4  
  31  2:59  Zergling x2  
  31  3:00  Zergling x6  
  32  3:15  Queen x2  
  35  3:20  Zergling x6  
  34  3:56  Drone x5  
  34  3:57  Drone, Queen  
  42  4:12  Overlord x3  
  42  4:29  Extractor  
  42  4:30  Extractor  
  40  4:33  Drone x3  
  43  4:39  Drone x4  
  43  4:40  Drone x2  
  49  4:55  Drone x6  
  55  5:02  Drone x3  
  58  5:17  Drone  
  58  5:18  Drone x6  
  65  5:32  Overlord, Drone  
  65  5:34  Lair  
  66  5:39  Spore Crawler  
  65  5:44  Spore Crawler, Extractor x2  
  65  5:47  Drone x4, Spine Crawler  
  65  5:48  Drone  
  66  5:51  Extractor  
  66  5:52  Spore Crawler, Extractor  
  66  5:55  Drone x4  
  66  5:56  Drone x4  
  71  6:08  Extractor  
  71  6:09  Hatchery  
  69  6:12  Drone x4  
  69  6:13  Drone, Extractor  
  73  6:24  Metabolic Boost  
  73  6:29  Evolution Chamber, Baneling Nest  
  73  6:31  Evolution Chamber  
  73  6:32  Evolution Chamber, Drone x4  
  73  6:38  Drone  
  74  6:50  Hatchery  
  73  6:56  Zerg Missile Weapons Level 1  
  73  6:57  Zerg Melee Weapons Level 1  
  73  6:58  Zerg Ground Armor Level 1  
  73  7:02  Hydralisk Den  
  72  7:16  Drone x2  
  72  7:20  Overseer  
  72  7:22  Pneumatized Carapace  
  74  7:28  Drone x6  
  80  7:33  Overlord  
  80  7:34  Overlord x2  
  80  7:43  Zergling x4  
  80  7:51  Overlord x4  
  80  7:52  Overlord  
  80  7:55  Queen x3, Spine Crawler x2  
  84  8:03  Hydralisk x9  
  97  8:24  Hydralisk  
  97  8:25  Hydralisk x7  
  102  8:36  Hydralisk  
  102  8:37  Hydralisk x5  
  111  8:54  Hydralisk x2  
  111  8:55  Hydralisk x3  
  119  8:57  Queen x3  
  119  8:58  Queen  
  129  9:08  Muscular Augments  
  129  9:09  Zerg Ground Armor Level 2, Zerg Missile Weapons Level 2  
  129  9:18  Lurker Den  
  128  9:30  Drone x5  
  128  9:31  Drone x4  
  137  9:32  Zergling x6  
  137  9:33  Zergling x4  
  137  9:34  Overlord x2  
  137  9:38  Centrifical Hooks  
  142  9:50  Overseer  
  142  9:52  Overlord  
  142  9:53  Overlord x2  
  142  9:57  Overseer x2  
  109  10:48  Hydralisk  
  109  10:49  Hydralisk x20  
  143  11:01  Hydralisk  
  143  11:02  Hydralisk x4  
  153  11:20  Hydralisk x4  
  153  11:21  Hydralisk x3  
Show
View Real Time Build Order
Export as new Build Order

ILIEKEGGPIE Protoss 

Build Orders: Zealot Archon 

Get SALT Encoding   

  12  0:00  Probe  
  13  0:13  Probe  
  14  0:18  Pylon  
  14  0:25  Probe  
  15  0:34  Probe  
  15  0:40  Gateway  
  15  0:42  Probe  
  16  0:49  Assimilator  
  17  0:53  Probe  
  18  1:04  Assimilator  
  18  1:05  Probe  
  19  1:17  Probe  
  20  1:27  Cybernetics Core  
  20  1:33  Probe  
  20  1:35  Pylon  
  21  1:41  Probe  
  22  1:51  Probe  
  22  1:53  Zealot  
  25  1:57  Gateway  
  25  2:03  Probe  
  26  2:18  Forge  
  26  2:20  Pylon  
  26  2:35  Zealot  
  28  2:50  Pylon  
  28  2:53  Shield Battery  
  28  3:04  Adept  
  28  3:12  Adept  
  30  3:17  Probe  
  30  3:29  Warp Gate  
  26  3:53  Adept  
  30  4:10  Nexus  
  30  4:13  Pylon  
  27  4:31  Probe  
  27  4:33  Gateway  
  28  4:39  Shield Battery  
  28  4:43  Probe  
  28  4:45  Gateway  
  29  4:49  Gateway  
  29  4:54  Stalker  
  29  4:59  Pylon  
  31  5:17  Probe  
  31  5:19  Robotics Facility  
  32  5:24  Probe  
  32  5:25  Probe  
  33  5:32  Probe  
  33  5:33  Twilight Council, Probe  
  34  5:41  Probe  
  34  5:42  Probe  
  36  5:49  Probe  
  38  5:53  Adept  
  38  5:54  Adept x2, Probe  
  46  6:00  Probe  
  47  6:06  Probe, Warp Prism  
  50  6:12  Probe  
  50  6:17  Probe  
  52  6:19  Pylon  
  52  6:21  Probe  
  52  6:23  Templar Archives  
  52  6:25  Probe  
  54  6:33  Probe  
  54  6:37  Pylon  
  55  6:40  Pylon  
  55  6:54  Pylon  
  55  7:01  High Templar x2  
  63  7:02  High Templar x2  
  63  7:05  Archon  
  63  7:06  Archon  
  63  7:17  Observer  
  64  7:44  High Templar x2  
  64  7:47  Adept x2  
  64  7:50  Archon  
  72  8:06  Gateway  
  71  8:21  Pylon  
  71  8:22  Adept  
  71  8:23  Adept  
  65  8:54  Immortal  
  63  9:05  Probe  
  63  9:06  Robotics Bay  
  63  9:07  Assimilator, Charge  
  63  9:08  Assimilator  
  64  9:12  Zealot x3  
  70  9:28  High Templar  
  72  9:35  Warp Prism  
  74  9:48  High Templar x2  
  78  9:55  High Templar  
  78  9:56  Archon  
  80  10:24  Gateway  
  80  10:25  Archon  
  80  10:26  Gateway  
  80  10:27  Pylon  
  79  10:29  Gateway  
  55  10:43  Sentry x2  
  55  10:44  Sentry x2  
  53  11:00  Pylon x2  
  33  11:38  Zealot x3  
  39  11:43  High Templar  
Tags
 
Composition
Zealot Archon
Matchup
PvZ
Replay Pack
Multi
Spawn Locations
Cross Positions
Add a new tag
Caveats
  • Supply blocks, unpowered buildings, or Contaminate may cause inaccurate times.
  • Supply counts are checked every 10 seconds.